 Dungeon Crawl Stone Soup version 0.31-a0-192-ga50d7bf3bb (webtiles) character file.

Game seed: 16734463732898889592

2701 Gargoyl the Cleaver (level 9, -4/85 HPs)
             Began as a Gargoyle Berserker on June 24, 2023.
             Was a Priest of Trog.
             Slain by an orc knight
             ... wielding a +0 halberd
              (14 damage)
             ... in a bailey.
             The game lasted 00:07:36 (5705 turns).

Gargoyl the Cleaver (Gargoyle Berserker)            Turns: 5705, Time: 00:07:37

Health: -4/85      AC: 20    Str: 20    XL:     9   Next: 65%
Magic:  9/9        EV:  7    Int:  9    God:    Trog [***...]
Gold:   481        SH:  0    Dex: 13    Spells: 8/8 levels left

rFire   . . .        a - +0 hand axe (venom)
rCold   . . .        (no shield)
rNeg    + . .        j - +0 plate armour
rPois   ∞            (no helmet)
rElec   +            (no cloak)
rCorr   .            (no gloves)
SInv    .            m - +0 pair of boots
Will    ++...        (no amulet) Stlth
                     (no ring)
HPRegen 1.34/turn    (no ring)
MPRegen 0.11/turn

%: no passive effects
@: berserking, strong-willed (expiring), regenerating (expiring), very quick
A: sickness immunity, AC +6, negative energy resistance 1, electricity
resistance, torment resistance 1, petrification resistance
a: Renounce Religion, Berserk, Trog's Hand


You were in a bailey.
You worshipped Trog.
Trog was most pleased with you.
You visited 1 branch of the dungeon, and saw 7 of its levels.
You also visited: Bailey.

You collected 481 gold pieces.

Inventory:

Hand Weapons
 a - a +0 hand axe of venom (weapon)
 f - a +2 vampiric hand axe
Missiles
 t - 3 poisoned darts (quivered)
Armour
 j - a +0 plate armour (worn)
 m - a +0 pair of boots (worn)
Wands
 o - a wand of iceblast (7)
Scrolls
 b - a scroll of fear
 h - 2 scrolls of teleportation
 p - a scroll of vulnerability {unknown}
Potions
 c - 3 potions of might
 e - 2 potions of berserk rage {unknown}
 g - a potion of ambrosia {unknown}
 i - 2 potions of cancellation {unknown}
 k - a potion of lignification {unknown}
 l - 2 potions of heal wounds {unknown}
 n - 2 potions of degeneration {unknown}
 q - a potion of enlightenment {unknown}
 r - 4 potions of invisibility {unknown}
 s - 2 potions of mutation {unknown}
 u - a potion of resistance {unknown}


   Skills:
 + Level 7.1 Fighting
 + Level 8.7 Axes
 + Level 0.1 Throwing
 + Level 7.1 Armour
 + Level 3.3 Dodging
 + Level 0.8 Stealth


You had 8 spell levels left.
You didn't know any spells.
Your spell library was empty.

Dungeon Overview and Level Annotations

Branches:
Dungeon (7/15)             Temple (0/1) D:6          Bailey (1/1)

Altars:
Dithmenos
Kikubaaqudgha
Nemelex Xobeh
Yredelemnul
Zin


Innate Abilities, Weirdness & Mutations

You are immune to sickness and miasma.
Your stone body is resilient. (AC +6)
You are immune to poison.
You resist negative energy. (rN+)
You are resistant to electric shocks. (rElec)
You are resistant to unholy torment.
You are immune to petrification.


Message History

You closely miss the orc warrior. You slash the orc warrior!
The orc warrior closely misses you.
The orc warrior hits you from afar with a +0 trident!
The orc knight hits you but does no damage.
The orc warrior hits you but does no damage.
You slash the orc knight!
The orc knight looks as sick as possible!
The orc knight is lightly wounded.
You hit the orc warrior.
You hit the orc warrior but do no damage.
The orc warrior looks as sick as possible!
The orc warrior hits you with a +0 spear!
* * * LOW HITPOINT WARNING * * *
The orc warrior hits you but does no damage.
The orc knight hits you with a +0 halberd.
* * * LOW HITPOINT WARNING * * *
The orc warrior barely misses you.
You hit the orc knight.
The orc knight looks as sick as possible!
The orc knight is lightly wounded.
You hit the orc warrior.
The orc warrior is poisoned.
You hit the orc warrior but do no damage.
The orc warrior looks as sick as possible!
Unknown command.
You slash the orc knight!
The orc knight looks as sick as possible!
The orc knight is moderately wounded.
You closely miss the orc warrior. You slash the orc warrior!
You kill the orc warrior!
Trog accepts your kill.
The orc knight hits you with a +0 halberd!
* * * LOW HITPOINT WARNING * * *
The orc warrior hits you but does no damage. x2
Your Armour skill increases to level 7!
You slash the orc knight!
The orc knight is heavily wounded.
You barely miss the orc warrior.
You feel the effects of Trog's Hand fading.
The orc knight hits you with a +0 halberd!
You die...

####### ###########
######..)..###..........
....#.).....'...........
....'.)#....'..)....???.
....'.).)...'...@o..???.
....'.)#)...'....o..??..
....#.......'..o........
######.....###..........
####### ###########


You could see an orc knight (extremely poisoned) and 2 orc warriors.

Vanquished Creatures
  Sigmund (D:4)
  A human (D:6)
  A water moccasin (D:6)
  An ice beast (D:7)
  9 orc warriors (Bailey)
  A sky beast (D:6)
  An ogre (D:6)
  A centaur (D:6)
  A phantom (D:5)
  Blork the orc (D:4)
  A bullfrog (D:6)
  5 scorpions
  A howler monkey (D:4)
  2 hounds
  2 jellies (D:5)
  A sleepcap (D:5)
  Natasha (thrice) (D:4)
  2 orc wizards (D:3)
  4 iguanas
  4 adders
  2 shadow imps
  An ufetubus (D:5)
  2 worms
  3 dart slugs
  25 orcs
  7 ball pythons
  5 bats
  5 endoplasms
  4 giant cockroaches
  9 goblins
  8 hobgoblins
  12 jackals
  3 quokkas
  3 frilled lizards
  A jackal skeleton (D:6)
  7 kobolds
  7 rats
147 creatures vanquished.

Vanquished Creatures (others)
  An orc (D:3)
1 creature vanquished.

Grand Total: 148 creatures vanquished

Notes
Turn   | Place    | Note
-------+----------+-------------------------------------------
     0 | D:1      | Gargoyl the Gargoyle Berserker began the quest for the Orb.
     0 | D:1      | Reached XP level 1. HP: 14/14 MP: 1/1
   137 | D:1      | Reached XP level 2. HP: 19/19 MP: 2/2
   285 | D:1      | Reached skill level 3 in Axes
   516 | D:1      | Reached XP level 3. HP: 14/24 MP: 3/3
   566 | D:1      | Found a faded altar of an unknown god.
   967 | D:2      | Reached ** piety under Trog
  1151 | D:2      | Reached XP level 4. HP: 29/29 MP: 4/4
  1724 | D:3      | Found a faded altar of an unknown god.
  1752 | D:3      | Reached XP level 5. HP: 33/33 MP: 5/5
  1757 | D:3      | Reached skill level 4 in Axes
  1848 | D:3      | Found a glowing silver altar of Zin.
  2036 | D:3      | Found an ancient bone altar of Kikubaaqudgha.
  2074 | D:4      | Noticed Natasha
  2084 | D:4      | Killed Natasha
  2162 | D:4      | Reached *** piety under Trog
  2167 | D:4      | Noticed Natasha
  2178 | D:4      | Killed Natasha
  2459 | D:4      | Noticed Natasha
  2466 | D:4      | Killed Natasha
  2467 | D:4      | Reached XP level 6. HP: 29/39 MP: 6/6
  2644 | D:4      | Noticed Sigmund
  2646 | D:4      | Noticed Blork the orc
  2654 | D:4      | Killed Sigmund
  2655 | D:4      | Reached skill level 5 in Axes
  2658 | D:4      | Killed Blork the orc
  2659 | D:4      | Reached XP level 7. HP: 44/44 MP: 7/7
  2968 | D:4      | Reached skill level 5 in Fighting
  3299 | D:5      | Entered Level 5 of the Dungeon
  3587 | D:5      | Reached skill level 6 in Axes
  3629 | D:5      | Found a shadowy altar of Dithmenos.
  3653 | D:5      | Reached XP level 8. HP: 48/49 MP: 8/8
  4190 | D:6      | Reached skill level 5 in Armour
  4367 | D:6      | Reached skill level 7 in Axes
  4386 | D:6      | Found a runed translucent door.
  4392 | D:6      | Found a basalt altar of Yredelemnul.
  4626 | D:6      | Found a staircase to the Ecumenical Temple.
  4776 | D:6      | Identified the +1 leather armour of Lifelessness {rF+ rC++
                  | rN+++ Dex-5}
  4846 | D:6      | Found a sparkling altar of Nemelex Xobeh.
  4992 | D:6      | Reached XP level 9. HP: 41/55 MP: 9/9
  5106 | D:7      | Found a flagged portal.
  5142 | D:7      | Reached skill level 8 in Axes
  5145 | Bailey   | Entered a bailey
  5694 | Bailey   | Noticed an orc knight
  5705 | Bailey   | Slain by an orc knight

Illustrated notes

Levels and vault maps discovered:
D:1:      roderic_octagonal_star, layout_basic,
          hellmonk_ecumenical_altar_zigzags, serial_curves, eino_curves_02,
          eino_curves_03, eino_curves_03, minivault_26, hex_tiny,
          minmay_tetromino_i4
D:2:      layout_loops_cross
D:3:      layout_basic, old_standard_altar, nicolae_overflow_ecumenical_swirl
D:4:      layout_layer_cave, uniq_blork_the_orc, uniq_sigmund, uniq_natasha
D:5:      layout_loops_ring, mainiacjoe_overflow_alcove_4, grunt_ministairs_9
D:6:      layout_basic, nemelex_altar_shiori, dk_yredelemnul_ordeal,
          minmay_temple_entry_waves
D:7:      layout_gridville, enter_bailey_5, roderic_lattice_a
Bailey:   bailey_polearm_5, bailey

Skill      XL: |  1  2  3  4  5  6  7  8  9 |
---------------+----------------------------+-----
Axes           | 3 4 5 6 7 8 |  8.7
Dodging        | 2 3 |  3.3
Fighting       | 4 5 6 7 |  7.1
Armour         | 4 6 7 |  7.1
Throwing       | |  0.1
Stealth        | |  0.8

Action                     |  1- 3 |  4- 6 |  7- 9 || total
---------------------------+-------+-------+-------++-------
  Melee: Hand axe          |   118 |   123 |   281 ||   522
         Punch             |     2 |     3 |     8 ||    13
  Throw: Dart              |       |       |     1 ||     1
 Invoke: Berserk           |     1 |     3 |     6 ||    10
         Trog's Hand       |       |     1 |     4 ||     5
    Use: Scroll            |     3 |     6 |     2 ||    11
         Potion            |       |       |     3 ||     3
   Stab: Sleeping          |     1 |       |       ||     1
 Armour: Animal skin       |    56 |     5 |       ||    61
         Plate armour      |       |   103 |   275 ||   378
  Dodge: Dodged            |   108 |    63 |   117 ||   288

Table legend: (Time is in decaauts)
 A = Elapsed time spent in this place.
 B = Non-inter-level travel time spent in this place.
 C = Inter-level travel time spent in this place.
 D = Time resting spent in this place.
 E = Time spent auto-exploring this place.
 F = Levels seen in this place.
 G = Mean time per level.
                   A        B        C        D        E       F      G
               +--------+--------+--------+--------+--------+-----+--------+
         Total |   5818 |   5701 |    117 |    232 |   4191 |   8 |  727.2 |
       Dungeon |   5221 |   5104 |    117 |      0 |   3924 |   7 |  745.9 |
        Bailey |    597 |    597 |      0 |    232 |    267 |   1 |  597.0 |
               +--------+--------+--------+--------+--------+-----+--------+

Top non-repeatable levels by time:
     D:4: 1271 daAuts
     D:6: 976 daAuts
     D:1: 937 daAuts
     D:5: 836 daAuts
     D:2: 680 daAuts
  Bailey: 597 daAuts
     D:3: 482 daAuts
     D:7: 36 daAuts
